Map: Oxide LE

Players

Vindicta

  • Race: Terran Terran

Nina - Winner!

  • Race: Protoss Protoss

VOD

Have the link to the VOD?

Description

Time

  • Played on: Oct. 7, 2021, 5:21 p.m.
  • Length: 11:04
Show
View Real Time Build Order
Export as new Build Order

Vindicta Terran 

Build Orders:  

Get SALT Encoding   

  12  0:00  SCV  
  13  0:12  SCV  
  14  0:18  Supply Depot  
  14  0:24  SCV  
  15  0:39  SCV  
  15  0:41  Barracks  
  16  0:43  Refinery  
  16  0:51  SCV  
  17  1:03  SCV  
  18  1:16  SCV  
  19  1:28  Barracks Reactor  
  19  1:30  Orbital Command  
  19  1:42  Command Center  
  19  1:57  SCV  
  19  1:59  Supply Depot  
  20  2:05  Marine x2  
  22  2:10  SCV  
  23  2:18  Factory  
  23  2:22  SCV  
  24  2:23  Marine  
  24  2:26  Marine  
  26  2:34  SCV  
  27  2:39  Refinery  
  27  2:41  Marine  
  27  2:44  Marine  
  28  2:46  SCV  
  30  2:58  SCV  
  30  3:02  Starport, Marine x2  
  30  3:03  Widow Mine  
  35  3:07  Orbital Command  
  35  3:13  SCV  
  35  3:18  Supply Depot  
  36  3:22  Marine  
  36  3:24  Marine  
  36  3:26  SCV  
  39  3:29  Widow Mine  
  39  3:33  SCV  
  42  3:38  SCV  
  42  3:40  Marine  
  44  3:41  Marine  
  44  3:42  Medivac  
  44  3:45  SCV  
  48  3:49  Supply Depot  
  48  3:51  SCV  
  48  3:54  Widow Mine  
  51  3:58  SCV  
  51  4:01  Marine x2  
  54  4:04  Barracks  
  54  4:10  SCV x2  
  54  4:11  Supply Depot  
  54  4:13  Starport Tech Lab  
  54  4:15  Factory Tech Lab  
  56  4:21  Bunker  
  56  4:23  Marine  
  56  4:24  Marine  
  58  4:27  SCV x2  
  60  4:32  Raven  
  60  4:34  Barracks  
  60  4:36  Siege Tank  
  65  4:40  SCV  
  65  4:41  SCV  
  67  4:51  Marine  
  67  4:52  SCV  
  67  4:58  SCV  
  67  4:59  Refinery  
  64  5:00  Engineering Bay  
  64  5:04  SCV  
  65  5:08  Siege Tank  
  65  5:10  Supply Depot, SCV  
  68  5:16  SCV  
  69  5:21  Supply Depot  
  69  5:24  Stimpack  
  70  5:30  Barracks Tech Lab, Barracks  
  70  5:31  SCV, Marine, Barracks  
  70  5:32  Marauder, SCV  
  70  5:34  Refinery  
  74  5:36  Marine  
  74  5:38  Starport Reactor  
  75  5:43  SCV  
  75  5:44  SCV  
  75  5:46  Cyclone  
  78  5:55  SCV  
  77  6:01  SCV  
  76  6:06  Marine  
  76  6:07  SCV  
  72  6:13  Marauder, SCV  
  75  6:19  Marauder, SCV  
  75  6:24  Marine  
  75  6:25  SCV  
  80  6:34  Marauder, SCV, Command Center  
  80  6:38  Medivac  
  85  6:44  Combat Shield  
  86  6:48  SCV  
  86  6:52  Supply Depot  
  86  7:01  Supply Depot  
  86  7:04  Concussive Shells  
  86  7:09  Terran Infantry Weapons Level 1  
  86  7:14  Marauder x2, Medivac, SCV x2  
  92  7:25  Supply Depot  
  92  7:26  SCV x2, Siege Tank, Marine  
  98  7:35  Marauder x2  
  102  7:45  SCV  
  102  7:46  Missile Turret, Medivac, SCV, Marine  
  102  7:47  Missile Turret, Orbital Command  
  106  7:52  Marine  
  106  7:54  Medivac  
  106  7:56  Barracks  
  106  7:57  Barracks  
  106  7:58  Siege Tank  
  113  7:59  Marauder  
  113  8:00  SCV  
  113  8:01  Marine  
  116  8:08  Marine  
  116  8:09  Marine  
  116  8:11  SCV  
  119  8:18  Supply Depot  
  119  8:19  Marauder  
  121  8:20  Supply Depot, Orbital Command  
  121  8:23  SCV x2  
  123  8:32  Marauder, Marine  
  126  8:35  SCV x2, Siege Tank  
  126  8:39  Marine  
  133  8:43  Missile Turret  
  133  8:44  Barracks Reactor, Barracks Tech Lab  
  133  8:47  SCV x3  
  135  8:50  Marine  
  135  8:54  Marauder  
  140  8:59  Marauder, SCV x2  
  140  9:00  Ghost Academy  
  140  9:01  SCV, Refinery  
  144  9:11  SCV  
  144  9:12  SCV, Marine  
  144  9:14  SCV  
  144  9:15  Sensor Tower  
  148  9:23  SCV, Refinery  
  149  9:25  Supply Depot x2, SCV  
  149  9:26  Siege Tank  
  149  9:30  Liberator x2  
  157  9:33  Enhanced Shockwaves  
  157  9:40  Bunker  
  157  9:43  Supply Depot  
  157  9:46  SCV, Ghost  
  157  9:50  Ghost  
  159  9:58  Siege Tank  
  155  10:03  Ghost  
  155  10:04  Marine  
  140  10:13  Viking, Marine x2  
  143  10:15  Marauder, Marine  
  143  10:17  SCV  
  143  10:19  Marauder  
  147  10:22  Marine  
  132  10:31  Ghost  
  132  10:33  Marine x3  
  126  10:36  Marine  
  126  10:40  Marine  
  126  10:41  Marauder  
Show
View Real Time Build Order
Export as new Build Order

Nina Protoss - Winner!

Build Orders: 1 Gate Expand, Colossus Rush 

Get SALT Encoding   

  12  0:00  Probe  
  13  0:12  Probe  
  14  0:17  Pylon  
  14  0:24  Probe  
  15  0:36  Gateway  
  15  0:37  Probe (Chrono Boost)  
  16  0:46  Probe (Chrono Boost)  
  16  0:47  Assimilator  
  17  0:51  Probe (Chrono Boost)  
  18  1:03  Probe  
  19  1:15  Probe  
  20  1:24  Cybernetics Core  
  20  1:32  Nexus  
  20  1:40  Pylon  
  20  1:43  Probe  
  21  1:48  Assimilator  
  21  1:55  Probe  
  21  1:58  Adept (Chrono Boost)  
  24  2:07  Warp Gate, Probe  
  25  2:19  Probe (Chrono Boost)  
  25  2:21  Stalker  
  29  2:30  Probe (Chrono Boost)  
  29  2:34  Robotics Facility  
  29  2:35  Probe (Chrono Boost)  
  30  2:45  Probe (Chrono Boost)  
  32  2:51  Probe (Chrono Boost)  
  32  2:52  Stalker  
  32  2:54  Probe (Chrono Boost)  
  36  2:58  Probe (Chrono Boost)  
  36  2:59  Probe (Chrono Boost)  
  37  3:07  Shield Battery  
  37  3:09  Probe  
  37  3:11  Probe  
  39  3:18  Gateway  
  39  3:22  Observer (Chrono Boost), Probe  
  39  3:23  Probe  
  42  3:27  Robotics Bay  
  42  3:33  Pylon  
  42  3:34  Probe  
  43  3:35  Probe  
  43  3:39  Observer  
  45  3:46  Probe  
  46  3:49  Assimilator  
  46  3:51  Probe  
  47  3:57  Pylon  
  47  3:58  Warp Prism (Chrono Boost), Probe  
  47  4:01  Stalker  
  52  4:04  Probe  
  52  4:09  Pylon  
  53  4:12  Probe  
  53  4:14  Gravitic Drive  
  53  4:15  Stalker  
  56  4:19  Probe  
  57  4:24  Assimilator  
  57  4:28  Probe  
  58  4:32  Pylon  
  58  4:34  Probe  
  58  4:36  Colossus (Chrono Boost)  
  59  4:41  Probe  
  66  4:47  Probe  
  66  4:49  Stalker  
  69  4:59  Observer  
  68  5:02  Probe  
  69  5:08  Nexus  
  69  5:09  Pylon  
  69  5:10  Probe  
  70  5:16  Twilight Council  
  70  5:17  Observer  
  70  5:21  Colossus (Chrono Boost)  
  76  5:31  Gateway  
  76  5:34  Gateway, Probe  
  77  5:36  Sentry  
  77  5:37  Probe  
  79  5:53  Extended Thermal Lance, Charge  
  79  5:54  Probe  
  80  5:58  Gateway  
  80  6:00  Gateway  
  80  6:01  Probe  
  81  6:06  Probe  
  81  6:09  Zealot x2  
  86  6:11  Pylon  
  86  6:12  Pylon  
  86  6:17  Pylon  
  86  6:26  Gateway, Zealot  
  86  6:28  Probe  
  86  6:30  Colossus (Chrono Boost)  
  90  6:35  Probe  
  90  6:36  Probe  
  97  6:44  Stalker, Shield Battery  
  97  6:45  Stalker  
  101  6:47  Probe  
  101  6:48  Probe  
  101  6:52  Probe  
  104  6:54  Shield Battery  
  104  7:00  Sentry  
  104  7:01  Zealot x2  
  109  7:08  Forge  
  109  7:09  Stalker  
  109  7:11  Probe  
  111  7:19  Probe  
  111  7:20  Stalker, Observer  
  114  7:23  Probe  
  114  7:24  Immortal (Chrono Boost), Probe  
  119  7:31  Blink (Chrono Boost), Probe  
  119  7:40  Probe x2  
  119  7:41  Gateway  
  119  7:42  Protoss Ground Weapons Level 1 (Chrono Boost)  
  119  7:43  Probe  
  122  7:50  Photon Cannon  
  122  7:52  Shield Battery  
  122  7:56  Templar Archives  
  122  7:59  Observer  
  122  8:00  Pylon  
  123  8:09  Zealot  
  125  8:14  Pylon  
  125  8:16  Pylon  
  125  8:17  Assimilator, Pylon  
  125  8:22  Zealot x4  
  133  8:27  Shield Battery  
  133  8:36  High Templar  
  133  8:37  Assimilator, High Templar  
  133  8:38  High Templar  
  133  8:41  High Templar  
  141  8:44  Zealot  
  141  8:45  Zealot x3, Archon  
  149  8:49  Gateway  
  149  8:50  Gateway, Probe  
  149  8:51  Pylon  
  149  8:54  Pylon  
  150  8:55  Psionic Storm  
  150  9:11  Immortal (Chrono Boost)  
  150  9:13  Zealot x4  
  150  9:16  Probe  
  161  9:19  Photon Cannon  
  161  9:27  Photon Cannon, High Templar x2  
  163  9:32  Archon  
  163  9:35  Nexus  
  163  9:37  Zealot  
  165  9:44  Pylon  
  165  9:45  Pylon  
  165  9:49  Zealot  
  167  9:53  High Templar  
  129  10:07  Stalker x6  
  135  10:34  Zealot x9  
  147  10:42  Forge  
Tags
 
Add a new tag
Caveats
  • Supply blocks, unpowered buildings, or Contaminate may cause inaccurate times.
  • Supply counts are checked every 10 seconds.